 Dungeon Sprint DCSS version 0.29-a0-477-g62b78b4225 (webtiles) character file.

Game seed: 10137594986991070436

2100000 Aarrn332 the Skullcrusher (level 16, -12/200 HPs)
             Began as a Deep Dwarf Berserker on May 25, 2022.
             Was a High Priest of Trog.
             Killed by an exploding large bag of meat (40 damage)
             ... ignited by their inner flame
             ... in the Dungeon (Sprint VIII: "Arena of Blood").
             The game lasted 00:02:21 (21 turns).

Aarrn332 the Skullcrusher (Deep Dwarf Berserker)      Turns: 21, Time: 00:02:23

Health: -12/200    AC:  3    Str: 27    XL:     16   Next: 20%
Magic:  16/16      EV: 19    Int: 10    God:    Trog [*****.]
Gold:   0          SH:  0    Dex: 12    Spells: 15/15 levels left

rFire   . . .      SeeInvis .   i - +∞ Axe of Woe
rCold   . . .      Faith    .   (shield currently unavailable)
rNeg    + . .      Spirit   .   b - +0 animal skin
rPois   .          Reflect  .   (no helmet)
rElec   .          Harm     .   (no cloak)
rCorr   .          Rampage  .   (no gloves)
Will    ++...      NoTele   +   (no boots)
Stlth   +.........              (no amulet)
HPRegen 0.00/turn               j - +30 ring of slaying
MPRegen 0.15/turn               k - +30 ring of slaying

@: no status effects
A: damage resistance, heal wounds, negative energy resistance 1, sense
surroundings 2, no regeneration
a: Heal Wounds, Renounce Religion, Berserk, Trog's Hand, Brothers in Arms


You were in the Dungeon.
You worshipped Trog.
Trog was extremely pleased with you.
You visited 1 branch

Inventory:

Hand Weapons
 a - a +0 mace
 i - the +∞ Axe of Woe (weapon)
   (You found it in the Dungeon)
Armour
 b - a +0 animal skin (worn)
Jewellery
 j - a +30 ring of slaying (left hand)
 k - a +30 ring of slaying (right hand)
Scrolls
 h - a scroll of blinking
Potions
 c - a potion of curing
 e - a potion of haste
 f - 2 potions of magic
 g - a potion of berserk rage


   Skills:
 O Level 27 Fighting
 + Level 22.6(27) Axes
 O Level 27 Maces & Flails
 + Level 17.9 Armour
 + Level 17.7 Dodging


You had 15 spell levels left.
You didn't know any spells.
Your spell library was empty.

Dungeon Overview and Level Annotations

Branches:
Dungeon (1/1)

Altars:
Makhleb


Innate Abilities, Weirdness & Mutations

You are resistant to damage.
You can heal yourself by infusing magical energy.
You resist negative energy. (rN+)
You passively map the area around you.
You do not regenerate.


Message History

You hear a shout! x2
You have mastered Fighting!
Your base Axes skill gained 4 levels and is now at level 22!
Your Armour skill increases to level 17!
Your Dodging skill increases to level 17!
You have reached level 16!
You feel clever.
k - a +30 ring of slaying (right hand)
The destroyer appears out of thin air!
A destroyer comes into view. It is wielding a +9 vorpal great sword.
The destroyer shouts!
The meat berserker hits you with a +9 battleaxe!!!!
* * * LOW HITPOINT WARNING * * *
You hear a shout!
You feel much better.
The large bag of meat appears out of thin air!
A large bag of meat comes into view. It is wielding a +9 giant spiked club.
The large bag of meat shouts in stereo!
You hear a shout!
The bag of meat hits you with a +9 war axe!!
* * * LOW HITPOINT WARNING * * *
You hear a shout! x5
The meat berserker hits you with a +9 battleaxe!!
* * * LOW HITPOINT WARNING * * *
You hear a shout!
A bag of meat comes into view. It is wielding a +9 war axe.
Unknown command.
You dice the meat berserker like an onion!!!
You fatally mangle the meat berserker.
You kill the meat berserker!
Trog accepts your kill.
You dice the large bag of meat like an onion!!!
Flame seeps out of the large bag of meat.
You butcher the large bag of meat messily.
Trog accepts your kill.
You carve the bag of meat like a ham!!!
You slaughter the bag of meat joyfully.
You kill the bag of meat!
Trog accepts your kill.
The large bag of meat explodes!
The fiery explosion engulfs you!!!
You die...

,, , , * * *, * ,
.............. , ,
,..o.......... , , ,
o.O......... , , ,
..o........ , ,,
,.........o , , , ,
, , ,,, ,#o.o...O# ,
, ,, ,,, ,
#..o.)§○#,, ... , ,
.###....)@§###.... ,
,,
......###)))o.....
,,*
......._..........,,
, ,
...#.....#....... ,
#_.<.V#......., , ,
, #.....#......#, *
....._.......... , ,
......###......... ,
, o###..,
..o###....,, ,


You could see a destroyer, 2 large bags of meat and 8 bags of meat.

Vanquished Creatures
  4 ogres (D)
  A two-headed ogre (D)
  12 orcs (D)
17 creatures vanquished.

Notes
Turn   | Place    | Note
-------+----------+-------------------------------------------
     0 | D        | Found the +∞ Axe of Woe
     0 | D        | Aarrn332 the Deep Dwarf Berserker began the quest for the
                  | Orb.
     0 | D        | Reached XP level 1. HP: 20/20 MP: 1/1
     2 | D        | Noticed a bag of meat
     2 | D        | Noticed a bag of meat
     4 | D        | Noticed a bag of meat
     4 | D        | Noticed a bag of meat
     4 | D        | Noticed a bag of meat
     6 | D        | Noticed a bag of meat
     6 | D        | Noticed a bag of meat
     7 | D        | Noticed a bag of meat
     8 | D        | Killed a bag of meat
     8 | D        | Killed a bag of meat
     8 | D        | Reached ** piety under Trog
     8 | D        | Killed a bag of meat
     8 | D        | Killed a bag of meat
     8 | D        | Noticed a bag of meat
     8 | D        | Noticed a bag of meat
     8 | D        | Noticed a bag of meat
     9 | D        | Reached XP level 2. HP: 60/60 MP: 2/2
     9 | D        | Reached XP level 3. HP: 68/68 MP: 3/3
     9 | D        | Reached XP level 4. HP: 76/76 MP: 4/4
     9 | D        | Reached XP level 5. HP: 84/84 MP: 5/5
     9 | D        | Reached XP level 6. HP: 93/93 MP: 6/6
     9 | D        | Reached XP level 7. HP: 100/100 MP: 7/7
     9 | D        | Reached XP level 8. HP: 110/110 MP: 8/8
     9 | D        | Gained mutation: You passively map the area around you.
                  | [Deep Dwarf growth]
     9 | D        | Reached XP level 9. HP: 117/117 MP: 9/9
     9 | D        | Reached XP level 10. HP: 126/126 MP: 10/10
     9 | D        | Reached XP level 11. HP: 134/134 MP: 11/11
     9 | D        | Reached XP level 12. HP: 142/142 MP: 12/12
     9 | D        | Reached XP level 13. HP: 151/151 MP: 13/13
     9 | D        | Noticed a meat berserker
    10 | D        | Noticed a meat berserker
    10 | D        | Noticed a bag of meat
    11 | D        | Killed a bag of meat
    13 | D        | Noticed a bag of meat
    13 | D        | Noticed a meat berserker
    13 | D        | Noticed a bag of meat
    13 | D        | Noticed a bag of meat
    14 | D        | Killed a meat berserker
    14 | D        | Reached *** piety under Trog
    14 | D        | Killed a bag of meat
    14 | D        | Killed a bag of meat
    14 | D        | Noticed a large bag of meat
    15 | D        | Reached skill level 15 in Axes
    15 | D        | Reached skill level 15 in Armour
    15 | D        | Gained mutation: You resist negative energy. (rN+) [Deep
                  | Dwarf growth]
    15 | D        | Reached XP level 14. HP: 141/171 MP: 14/14
    15 | D        | Killed a bag of meat
    15 | D        | Reached **** piety under Trog
    15 | D        | Killed a bag of meat
    15 | D        | Killed a meat berserker
    15 | D        | Noticed a bag of meat
    15 | D        | Noticed a bag of meat
    15 | D        | Noticed a bag of meat
    15 | D        | Noticed a bag of meat
    16 | D        | Reached XP level 15. HP: 154/186 MP: 15/15
    16 | D        | Noticed a meat berserker
    16 | D        | Noticed a large bag of meat
    17 | D        | Reached skill level 27 in Maces & Flails
    18 | D        | Killed a meat berserker
    18 | D        | Reached ***** piety under Trog
    19 | D        | Reached skill level 27 in Fighting
    19 | D        | Reached XP level 16. HP: 142/200 MP: 16/16
    19 | D        | Noticed a destroyer
    20 | D        | Noticed a large bag of meat
    21 | D        | Killed a meat berserker
    21 | D        | Killed a large bag of meat
    21 | D        | Killed by an exploding large bag of meat... ignited by
                  | their inner flame

Illustrated notes

Levels and vault maps discovered:
D:        meatsprint

Skill      XL: |  1  2  3  4  5  6  7  8  9 10 11 12 13 14 15 |
---------------+----------------------------------------------+-----
Fighting       | 19 23 25 27 | 27.0
Axes           | 11 15 18 22 | 22.6
Maces & Flails | 20 24 26 27 | 27.0
Armour         | 13 15 16 17 | 17.9
Dodging        | 12 14 16 17 | 17.7

Action                   |  1- 3 |  4- 6 |  7- 9 | 10-12 | 13-15 | 16-18 || total
-------------------------+-------+-------+-------+-------+-------+-------++-------
Melee: Executioner's axe |     1 |       |       |       |     5 |     1 ||     7
  Use: Potion            |       |       |       |       |       |     1 ||     1
Dodge: Dodged            |     1 |       |       |       |       |       ||     1

Table legend: (Time is in decaauts)
 A = Elapsed time spent in this place.
 B = Non-inter-level travel time spent in this place.
 C = Inter-level travel time spent in this place.
 D = Time resting spent in this place.
 E = Time spent auto-exploring this place.
 F = Levels seen in this place.
 G = Mean time per level.
                   A        B        C        D        E       F      G
               +--------+--------+--------+--------+--------+-----+--------+
         Total |     19 |     19 |      0 |      0 |      0 |   1 |   19.0 |
       Dungeon |     19 |     19 |      0 |      0 |      0 |   1 |   19.0 |
               +--------+--------+--------+--------+--------+-----+--------+

Top non-repeatable levels by time:
       D: 19 daAuts
